 Dungeon Crawl Stone Soup version 0.28.0-45-g0d030f2227 (webtiles) character file.

Game seed: 13611907844499332899

2829 pkoi the Digger (level 9, -3/67 HPs)
             Began as a Demigod Earth Elementalist on Apr 21, 2022.
             Slain by a manticore (10 damage)
             ... on level 8 of the Dungeon.
             The game lasted 00:15:41 (12191 turns).

pkoi the Digger (Demigod Earth Elementalist)       Turns: 12191, Time: 00:15:42

Health: -3/67      AC:  5    Str:  9    XL:     9   Next: 21%
Magic:  6/18       EV: 12    Int: 29    God:
Gold:   440        SH:  0    Dex: 14    Spells: 6/16 levels left

rFire   + . .      SeeInvis .   a - +1 dagger
rCold   + . .      Faith    .   (no shield)
rNeg    . . .      Spirit   .   u - +2 robe {rC+ rF+}
rPois   .          Reflect  .   q - +0 helmet
rElec   .          Harm     .   (no cloak)
rCorr   .          Rampage  .   (no gloves)
Will    .....                   (no boots)
Stlth   ++........              (no amulet)
HPRegen 0.21/turn               m - ring of wizardry
MPRegen 0.16/turn               (no ring)

@: no status effects
A: high MP 1, forlorn, divine attributes
a: no special abilities


You were on level 8 of the Dungeon.
You visited 2 branches of the dungeon, and saw 9 of its levels.
You also visited: Sewer.

You collected 440 gold pieces.

Inventory:

Hand Weapons
 a - a +1 dagger (weapon)
 j - a +0 rapier
 y - a +0 long sword
Missiles
 c - 86 stones
 g - 21 poisoned darts
Armour
 b - a +1 robe
 o - an orb of wrath
 q - a +0 helmet (worn)
 u - a +2 robe of resistance (worn)
Jewellery
 i - a ring of fire
 m - a ring of wizardry (left hand)
Wands
 p - a wand of digging (7)
Scrolls
 f - 2 scrolls of holy word
 k - 2 scrolls of teleportation
 n - 2 scrolls of fog
 t - 2 scrolls of blinking
 v - 2 scrolls of identify
Potions
 d - a potion of magic
 e - 3 potions of curing {unknown}
 h - 3 potions of heal wounds {unknown}
 l - a potion of berserk rage
 r - a potion of resistance
 s - a potion of might
 w - 2 potions of invisibility
 x - a potion of cancellation


   Skills:
 - Level 2.0 Fighting
 + Level 5.3 Short Blades
 - Level 1.7 Dodging
 - Level 3.0 Stealth
 - Level 4.0 Spellcasting
 + Level 6.0 Transmutations
 + Level 7.6 Earth Magic


You had 6 spell levels left.
You knew the following spells:

 Your Spells              Type           Power      Damage    Failure   Level
a - Sandblast             Erth           100%       2d20      1%          1
b - Passwall              Tmut/Erth      37%        N/A       1%          2
c - Stone Arrow           Conj/Erth      54%        3d10      1%          3
d - Petrify               Tmut/Erth      45%        N/A       1%          4

Your spell library contained the following spells:

 Spells                   Type           Power      Damage    Failure   Level
 Blink                    Tloc           10%        N/A       4%          2
 Gell's Gravitas          Tloc           5%         N/A       9%          3
 Lesser Beckoning         Tloc           5%         N/A       9%          3
 Teleport Other           Tloc           5%         N/A       9%          3
 Manifold Assault         Tloc           5%         N/A       56%         5
 Dispersal                Tloc           2%         N/A       98%         6


Dungeon Overview and Level Annotations

Branches:
Dungeon (8/15)             Temple (1/1) D:5           Sewer (visited)
   Lair: D:8-11


Innate Abilities, Weirdness & Mutations

You have an increased reservoir of magic. (+10% MP)
You shall have no god before yourself.
Your divine heritage dramatically boosts your attributes as you level up.


Message History

* * * LOW HITPOINT WARNING * * *
The two-headed ogre moves out of view.
Casting: Petrify (dangerous; 1% risk of failure)
Confirm with . or Enter, or press ? or * to list all spells.
Aiming: Petrify (dangerous; 1% risk of failure)
Press: ? - help, Shift-Dir - straight line, f - centaur
Aim: a centaur, quivering arrows (chance to affect: 69%)
The centaur is moving more slowly.
The centaur hits you.
* * * LOW HITPOINT WARNING * * *
The centaur kicks you but does no damage.
The centaur misses you. The centaur barely misses you.
A necrophage comes into view.
Casting: Petrify (dangerous; 1% risk of failure)
Confirm with . or Enter, or press ? or * to list all spells.
Aiming: Petrify (dangerous; 1% risk of failure)
Press: ? - help, Shift-Dir - straight line, f - manticore, p - centaur
Aim: a manticore (chance to affect: 51%)
The manticore resists with significant effort.
The manticore closely misses you. The manticore barely misses you. x2
The centaur hits you but does no damage.
The centaur closely misses you.
Casting: Petrify (dangerous; 1% risk of failure)
Confirm with . or Enter, or press ? or * to list all spells.
Aiming: Petrify (dangerous; 1% risk of failure)
Press: ? - help, Shift-Dir - straight line, f/p - manticore
Aim: a manticore (chance to affect: 51%)
The manticore is moving more slowly.
The centaur hits you.
* * * LOW HITPOINT WARNING * * *
The centaur completely misses you. The manticore bites you!!
* * * LOW HITPOINT WARNING * * *
The manticore barely misses you. The manticore claws you!
* * * LOW HITPOINT WARNING * * *
The centaur hits you.
* * * LOW HITPOINT WARNING * * *
The centaur kicks you but does no damage.
You hit the centaur.
The centaur is lightly wounded.
The manticore bites you but does no damage.
The manticore claws you!
You die...

....................#
###.####..............##
.... #.......#.....##
..... #........##..##
......##......#.# ....
................##....
......##..........# .
#.### #.......##. #..
##....@#####....
##...cHJ.......
######........
#......n...
.............
..#............
..............
#..............
#.#####....:...


You could see a manticore (petrifying), a necrophage, a centaur (petrifying) and
a jelly.

Vanquished Creatures
  A cyclops (D:7)
  Grinder (D:5)
  A steam dragon (D:6)
  Menkaure (D:6)
  A water moccasin (D:6)
  An orc warrior (D:6)
  Pargi (Sewer)
  A necrophage (D:6)
  2 ogres
  A centaur (D:7)
  Blork the orc (D:5)
  A bullfrog (D:4)
  4 scorpions
  A wyvern zombie (D:7)
  2 howler monkeys
  4 hounds
  A bullfrog zombie (D:5)
  3 centaur skeletons
  2 bullfrog skeletons (D:6)
  3 orc priests
  4 iguanas
  2 orc wizards (D:5)
  Natasha (thrice) (D:4)
  A killer bee zombie (D:7)
  A hound zombie (D:5)
  5 adders
  3 river rats (D:3)
  A white imp (D:6)
  3 ufetubi
  4 dart slugs
  19 orcs
  7 bats
  12 endoplasms
  3 giant cockroaches
  6 goblins
  9 hobgoblins
  5 jackals
  11 kobolds
  5 quokkas
  16 ball pythons
  5 frilled lizards
  7 rats
165 creatures vanquished.

Notes
Turn   | Place    | Note
-------+----------+-------------------------------------------
     0 | D:1      | pkoi the Demigod Earth Elementalist began the quest for the
                  | Orb.
     0 | D:1      | Reached XP level 1. HP: 14/14 MP: 5/5
    92 | D:1      | Reached skill level 1 in Transmutations
   332 | D:1      | Reached skill level 3 in Earth Magic
   866 | D:1      | Reached XP level 2. HP: 6/20 MP: 7/7
  2328 | D:1      | Reached XP level 3. HP: 10/26 MP: 6/8
  2521 | D:1      | Learned a level 2 spell: Passwall
  5335 | D:3      | Reached skill level 4 in Earth Magic
  5335 | D:3      | Reached XP level 4. HP: 34/34 MP: 1/9
  5417 | D:3      | Found a glowing drain.
  5430 | Sewer    | Entered a sewer
  5498 | Sewer    | Noticed Pargi
  5505 | Sewer    | Killed Pargi
  5506 | Sewer    | Reached skill level 1 in Fighting
  5506 | Sewer    | Reached XP level 5. HP: 29/40 MP: 2/10
  6597 | D:4      | Noticed Natasha
  6602 | D:4      | Killed Natasha
  6708 | D:4      | Noticed Natasha
  6711 | D:4      | Killed Natasha
  6712 | D:4      | Reached XP level 6. HP: 48/48 MP: 8/11
  6748 | D:4      | Learned a level 3 spell: Stone Arrow
  7032 | D:4      | Reached skill level 1 in Short Blades
  7032 | D:4      | Reached skill level 5 in Earth Magic
  7068 | D:4      | Noticed Natasha
  7072 | D:4      | Killed Natasha
  7494 | D:5      | Entered Level 5 of the Dungeon
  7644 | D:5      | Noticed Blork the orc
  7651 | D:5      | Killed Blork the orc
  7652 | D:5      | Reached XP level 7. HP: 45/55 MP: 9/13
  7813 | D:5      | Noticed Grinder
  7819 | D:5      | Killed Grinder
  7855 | D:5      | Learned a level 4 spell: Petrify
  7873 | D:5      | Reached skill level 6 in Earth Magic
  8253 | D:5      | Found a staircase to the Ecumenical Temple.
  8260 | Temple   | Entered the Ecumenical Temple
  8449 | D:5      | Reached XP level 8. HP: 61/61 MP: 13/16
  9002 | D:6      | Noticed Menkaure
  9004 | D:6      | Killed Menkaure
  9834 | D:6      | Reached skill level 5 in Transmutations
 10209 | D:6      | Reached skill level 7 in Earth Magic
 11427 | D:7      | Noticed a cyclops
 11607 | D:7      | Reached XP level 9. HP: 66/67 MP: 16/18
 11693 | D:7      | Killed a cyclops
 11694 | D:7      | Reached skill level 5 in Short Blades
 12178 | D:8      | Noticed a manticore
 12187 | D:8      | Noticed a two-headed ogre
 12191 | D:8      | Slain by a manticore

Illustrated notes

Levels and vault maps discovered:
D:1:      minmay_arrival_arboretum_large, layout_loops_corners, st_stairs_11
D:2:      layout_loops_ring, minmay_randomly_rotated_circles
D:3:      layout_loops_corners, portal_sewer_entry_e, amcnicky_mini_pool_small
D:4:      nicolae_cairo_tiling_very_big, layout_cave_pools, uniq_natasha
D:5:      layout_basic, minmay_temple_entry_butterflies, amethyst_killhole,
          uniq_grinder, uniq_blork_the_orc
D:6:      layout_basic, nicolae_overflow_squiral, dk_vineyard_3, uniq_menkaure
D:7:      layout_rooms, nicolae_overflow_crystal_walls
D:8:      layout_rooms, david_lair_generic
Temple:   kb_temple_of_zot

Skill      XL: |  1  2  3  4  5  6  7  8  9 |
---------------+----------------------------+-----
Transmutations | 1 2 3 4 5 6 |  6.0
Earth Magic    | 3 4 5 6 7 |  7.6
Stealth        | 2 3 |  3.0
Fighting       | 1 2 |  2.0
Short Blades   | 1 3 4 5 |  5.3
Spellcasting   | 2 3 4 |  4.0
Dodging        | |  1.7

Action                   |  1- 3 |  4- 6 |  7- 9 || total
-------------------------+-------+-------+-------++-------
Melee: Dagger            |   219 |    51 |   114 ||   384
       Punch             |     3 |     2 |     1 ||     6
       Rapier            |       |       |    15 ||    15
       Long sword        |       |       |    14 ||    14
 Cast: Sandblast         |    51 |    64 |    97 ||   212
       Petrify           |       |       |     7 ||     7
  Use: Scroll            |     3 |    11 |     5 ||    19
 Stab: Sleeping          |     7 |     3 |     3 ||    13
       Distracted        |     1 |       |       ||     1
       Petrified         |       |       |     7 ||     7
       Petrifying        |       |       |     2 ||     2
Armor: Robe              |    55 |    12 |    69 ||   136
Dodge: Dodged            |   174 |    46 |   151 ||   371
